 Dungeon Crawl Stone Soup version 0.30.0-29-ga12c61a403 (webtiles) character file.

Game seed: 1657677744241542322

331 qw the Chopper (level 6, -3/39 HPs)
             Began as a Gargoyle Fighter on June 2, 2023.
             Slain by an elf zombie (4 damage)
             ... in an ossuary.
             The game lasted 00:01:34 (2771 turns).

qw the Chopper (Gargoyle Fighter)                   Turns: 2771, Time: 00:01:34

Health: -3/39      AC: 12    Str: 21    XL:     6   Next: 51%
Magic:  6/6        EV:  9    Int:  9    God:
Gold:   157        SH:  4    Dex:  9    Spells: 5/5 levels left

rFire   . . .        Y - +1 war axe
rCold   . . .        c - +0 buckler
rNeg    + . .        b - +0 scale mail
rPois   inf          (no helmet)
rElec   +            (no cloak)
rCorr   .            l - +0 pair of gloves
SInv    .            (no boots)
Will    .....        (no amulet) Stlth
                     (no ring)
HPRegen 0.26/turn    (no ring)
MPRegen 0.10/turn

%: no passive effects
@: no status effects
A: sickness immunity, AC +4, negative energy resistance 1, electricity
resistance, torment resistance 1, petrification resistance
a: no special abilities


You were in an ossuary.
You visited 1 branch of the dungeon, and saw 4 of its levels.
You also visited: Ossuary.

You collected 157 gold pieces.


Innate Abilities, Weirdness & Mutations

You are immune to sickness and miasma.
Your stone body is resilient. (AC +4)
You are immune to poison.
You resist negative energy. (rN+)
You are resistant to electric shocks. (rElec)
You are resistant to unholy torment.
You are immune to petrification.


   Skills:
 - Level 4.3 Fighting
 + Level 5.2 Axes
 - Level 3.2 Armour
 - Level 1.5 Dodging
 - Level 3.2 Shields


You had 5 spell levels left.
You didn't know any spells.
Your spell library was empty.

Inventory:

Hand Weapons
 f - a +0 whip
 Y - a +1 war axe (weapon)
Missiles
 e - 2 boomerangs (quivered)
Armour
 b - a +0 scale mail (worn)
 c - a +0 buckler (worn)
 l - a +0 pair of gloves (worn)
Jewellery
 q - a ring of fire
Scrolls
 a - 2 scrolls of identify
Potions
 d - a potion of might
 g - 2 potions of curing
 i - a potion of resistance
 o - a potion of mutation

Dungeon Overview and Level Annotations

Branches:
Dungeon (4/15)            Ossuary (1/1)
 Temple: D:4-7

Altars:
Trog

Annotations:
D:2 1 runed translucent door, Crazy Yiuf


Message History

The hobgoblin zombie hits you but does no damage.
The elf zombie hits you but does no damage.
You hit the elf zombie.
The elf zombie is severely damaged.
You slash the hobgoblin zombie!
You destroy the hobgoblin zombie!
The elf zombie hits you but does no damage.
You closely miss the elf zombie.
The elf zombie is severely damaged.
You hit the goblin zombie.
The goblin zombie completely misses you.
The elf zombie hits you.
You closely miss the elf zombie.
The elf zombie is severely damaged.
You slash the goblin zombie!
You destroy the goblin zombie!
The elf zombie hits you but does no damage.
You completely miss the elf zombie.
The elf zombie is severely damaged.
You slash the mummy! The mummy closely misses you.
The elf zombie hits you but does no damage.
You hit the elf zombie.
The elf zombie is almost destroyed.
You hit the mummy. The elf zombie closely misses you. The mummy hits you!
You barely miss the elf zombie.
The elf zombie is almost destroyed.
You barely miss the mummy. The elf zombie hits you.
You barely miss the elf zombie.
The elf zombie is almost destroyed.
You slash the mummy!
The sentinel's mark upon you fades away.
The mummy barely misses you. The elf zombie hits you.
You hit the elf zombie but do no damage.
The elf zombie is almost destroyed.
You hit the mummy. The mummy hits you! The elf zombie hits you.
You die...

###################
.......@MZZ.......#
........ZZZ.......#
.##############...#
#...# #...# #...#
#...# #...# #...
#...#


You could see a mummy, a hobgoblin zombie, 2 kobold zombies, an elf zombie and a
human zombie.

Vanquished Creatures
  2 elf zombies (Ossuary)
  A centaur zombie (Ossuary)
  An orc wizard (D:3)
  A mummy (Ossuary)
  2 adders
  A worm (D:3)
  3 dart slugs
  5 orcs (D:3)
  7 ball pythons
  11 bats
  6 endoplasms
  2 giant cockroaches
  A gnoll zombie (D:4)
  4 hobgoblins
  4 jackals (D:2)
  7 kobolds
  2 quokkas
  2 frilled lizards
  6 goblins
  A goblin zombie (Ossuary)
  10 hobgoblin zombies (Ossuary)
  A jackal zombie (D:4)
  7 kobold zombies (Ossuary)
  9 orc zombies (Ossuary)
  8 rats
  A rat zombie (Ossuary)
105 creatures vanquished.

Notes
Turn   | Place    | Note
-------+----------+-------------------------------------------
     0 | D:1      | qw the Gargoyle Fighter began the quest for the Orb.
     0 | D:1      | Reached XP level 1. HP: 14/14 MP: 1/1
     0 | D:1      | 0 ||| qw: Version: 0.2-a-102-gdf20003
     0 | D:1      | 0 ||| qw: Game counter: 887
     0 | D:1      | 0 ||| qw: Always use a shield: true
     0 | D:1      | 0 ||| qw: God list: Okawaru
     0 | D:1      | 0 ||| qw: Allow faded altars: false
     0 | D:1      | 0 ||| qw: Do Orc after D:15 true
     0 | D:1      | 0 ||| qw: Do second Lair branch before Depths: true
     0 | D:1      | 0 ||| qw: Lair rune preference: random
     0 | D:1      | 0 ||| qw: Plans: Normal, Zot:1-4, Slime:5, God:TSO, Crypt,
                  | Tomb, Pan, Hells, Abyss, Win
     0 | D:1      | 0 ||| PLANNING D:1-11
    33 | D:1      | Reached skill level 2 in Axes
    38 | D:1      | 38 ||| DROPPING +0 club.
    91 | D:1      | 91 ||| FLEEEEING.
    92 | D:1      | 92 ||| FLEEEEING.
    93 | D:1      | 93 ||| FLEEEEING.
    96 | D:1      | 96 ||| FLEEEEING.
    97 | D:1      | 97 ||| FLEEEEING.
   193 | D:1      | Reached XP level 2. HP: 19/19 MP: 2/2
   321 | D:1      | 321 ||| Stepping ~*~*~tactically~*~*~ (hiding).
   326 | D:1      | 326 ||| Stepping ~*~*~tactically~*~*~ (hiding).
   443 | D:1      | 443 ||| Stepping ~*~*~tactically~*~*~ (stealth).
   455 | D:1      | Reached skill level 3 in Axes
   525 | D:1      | Reached XP level 3. HP: 23/23 MP: 3/3
   982 | D:1      | 982 ||| READING scroll labelled BAD KUWEFOURCH.
   983 | D:1      | 983 ||| READING scroll labelled SAKLACR CUOS.
   984 | D:1      | 984 ||| READING scroll labelled FEQECV ATSAOPH.
  1125 | D:2      | 1125 ||| Stepping ~*~*~tactically~*~*~ (stealth).
  1254 | D:2      | Reached XP level 4. HP: 28/28 MP: 4/4
  1388 | D:2      | 1388 ||| FLEEEEING.
  1391 | D:2      | 1391 ||| FLEEEEING.
  1392 | D:2      | 1392 ||| FLEEEEING.
  1393 | D:2      | 1393 ||| FLEEEEING.
  1393 | D:2      | Upgraded the game from 0.30.0-21-gd299b56b3f to
                  | 0.30.0-29-ga12c61a403
  1393 | D:2      | 1393 ||| PLANNING D:1-11
  1393 | D:2      | 1393 ||| FLEEEEING.
  1394 | D:2      | 1394 ||| FLEEEEING.
  1395 | D:2      | 1395 ||| FLEEEEING.
  1396 | D:2      | 1396 ||| FLEEEEING.
  1397 | D:2      | 1397 ||| FLEEEEING.
  1636 | D:2      | Found a runed translucent door.
  1637 | D:2      | Noticed Crazy Yiuf
  1875 | D:2      | 1875 ||| UPGRADING to +0 pair of gloves.
  1880 | D:2      | 1880 ||| DROPPING amulet of magic regeneration.
  1881 | D:2      | 1881 ||| READING 2 scrolls labelled VIJYRI ODOANE.
  1882 | D:2      | 1882 ||| READING scroll labelled WIVVILL UCAMIL.
  1900 | D:2      | 1900 ||| DRINKING 2 fizzy blue potions.
  1948 | D:3      | 1948 ||| Stepping ~*~*~tactically~*~*~ (hiding).
  1949 | D:3      | 1949 ||| Stepping ~*~*~tactically~*~*~ (hiding).
  1954 | D:3      | Reached skill level 4 in Axes
  1979 | D:3      | Found a bloodstained altar of Trog.
  2034 | D:3      | 2034 ||| Stepping ~*~*~tactically~*~*~ (hiding).
  2038 | D:3      | 2038 ||| Stepping ~*~*~tactically~*~*~ (hiding).
  2039 | D:3      | 2039 ||| Stepping ~*~*~tactically~*~*~ (hiding).
  2209 | D:3      | Reached XP level 5. HP: 25/32 MP: 5/5
  2493 | D:3      | Found a faded altar of an unknown god.
  2561 | D:3      | 2561 ||| READING scroll labelled OROPSU OQUMECE.
  2565 | D:3      | 2565 ||| READING scroll labelled KISSYS LAUPU.
  2566 | D:3      | 2566 ||| READING scroll labelled XEBIEMU BIME.
  2567 | D:3      | 2567 ||| DRINKING 3 sedimented brown potions.
  2568 | D:3      | 2568 ||| READING 6 scrolls of identify.
  2568 | D:3      | 2568 ||| IDENTIFYING glowing inky potion
  2569 | D:3      | 2569 ||| READING 5 scrolls of identify.
  2569 | D:3      | 2569 ||| IDENTIFYING lumpy blue potion
  2570 | D:3      | 2570 ||| READING 4 scrolls of identify.
  2570 | D:3      | 2570 ||| IDENTIFYING emerald potion
  2571 | D:3      | 2571 ||| READING 3 scrolls of identify.
  2571 | D:3      | 2571 ||| IDENTIFYING green potion
  2572 | D:3      | 2572 ||| DROPPING 2 potions of flight.
  2573 | D:3      | 2573 ||| DROPPING potion of ambrosia.
  2589 | D:4      | 2589 ||| PLANNING OSSUARY
  2596 | D:4      | Found a sand-covered staircase.
  2612 | Ossuary  | Entered an ossuary
  2619 | Ossuary  | 2619 ||| Stepping ~*~*~tactically~*~*~ (stealth).
  2688 | Ossuary  | 2688 ||| FLEEEEING.
  2689 | Ossuary  | 2689 ||| FLEEEEING.
  2693 | Ossuary  | 2693 ||| FLEEEEING.
  2694 | Ossuary  | 2694 ||| FLEEEEING.
  2695 | Ossuary  | 2695 ||| FLEEEEING.
  2700 | Ossuary  | 2700 ||| FLEEEEING.
  2701 | Ossuary  | 2701 ||| FLEEEEING.
  2702 | Ossuary  | 2702 ||| FLEEEEING.
  2703 | Ossuary  | 2703 ||| FLEEEEING.
  2704 | Ossuary  | 2704 ||| FLEEEEING.
  2705 | Ossuary  | 2705 ||| FLEEEEING.
  2706 | Ossuary  | 2706 ||| FLEEEEING.
  2733 | Ossuary  | Reached skill level 5 in Axes
  2740 | Ossuary  | Reached XP level 6. HP: 14/39 MP: 6/6
  2742 | Ossuary  | HP: 9/39 [elf zombie (6)]
  2743 | Ossuary  | 2743 ||| DRINKING potion of heal wounds.
  2748 | Ossuary  | Reached skill level 1 in Dodging
  2770 | Ossuary  | HP: 8/39 [elf zombie (6)]
  2771 | Ossuary  | HP: 1/39 [mummy (8)]
  2771 | Ossuary  | Slain by an elf zombie

Levels and vault maps discovered:
D:1:      dpeg_arrival_boxorama, layout_basic, grunt_decor_cap,
          due_unseen_surprise
D:2:      layout_loops_ring, grunt_decor_clamped, minmay_vboxes,
          uniq_crazy_yiuf_cottage
D:3:      layout_rooms, trog_butcher_becter,
          dreamdust_ecumenical_altar_angels_and_demons
D:4:      layout_gridville, enter_ossuary_3, uniq_sigmund, uniq_edmund
Ossuary:  ossuary_tomb_1

Skill      XL: |  1  2  3  4  5  6 |
---------------+-------------------+-----
Axes           | 2 3 4 5 |  5.2
Fighting       | 4 |  4.3
Dodging        | 1 |  1.5
Armour         | |  3.2
Shields        | |  3.2

Action                     |  1- 3 |  4- 6 || total
---------------------------+-------+-------++-------
  Melee: War axe           |   102 |   129 ||   231
  Throw: Boomerang         |    22 |    47 ||    69
    Use: Scroll            |     3 |     9 ||    12
         Potion            |       |     3 ||     3
 Armour: Scale mail        |    69 |    82 ||   151
  Dodge: Dodged            |    43 |    49 ||    92
  Block: Buckler           |    18 |    20 ||    38

Table legend:
 A = Non-vault XP
 B = Vault XP
 C = Vault XP percentage of total XP
 D = Non-vault monster count
 E = Vault monster count
 F = Vault count percentage of total count
                 A         B        C        D         E       F
            +---------+---------+-------+---------+---------+-------
      Total |     176 |     297 |  62.8 |      63 |      42 |  40.0
            +---------+---------+-------+---------+---------+-------
        D:1 |      40 |       0 |   0.0 |      22 |       0 |   0.0
        D:2 |      49 |       7 |  12.5 |      23 |       4 |  14.8
        D:3 |      87 |       7 |   7.4 |      18 |       4 |  18.2
        D:4 |       0 |       3 | 100.0 |       0 |       2 | 100.0
    Ossuary |       0 |     280 | 100.0 |       0 |      32 | 100.0
            +---------+---------+-------+---------+---------+-------
